 Dungeon Crawl Stone Soup version 0.30-a0-587-gfd7c166f36 (webtiles) character file.

Game seed: 8308126587483340433

42 Bnni the Vexing (level 3, 0/26 HPs)
             Began as a Formicid Hexslinger on Jan 4, 2023.
             Slain by a goblin
             ... wielding a +0 dagger
             ... led by Robin
              (5 damage)
             ... on level 1 of the Dungeon.
             The game lasted 00:01:05 (816 turns).

Bnni the Vexing (Formicid Hexslinger)                Turns: 816, Time: 00:01:05

Health: 0/26       AC:  3    Str: 14    XL:     3   Next: 77%
Magic:  2/5        EV: 12    Int: 14    God:
Gold:   32         SH:  0    Dex: 14    Spells: 0/4 levels left

rFire   . . .      SeeInvis +    a - +1 sling
rCold   . . .      Faith    .    (no shield)
rNeg    . . .      Spirit   .    c - +0 robe
rPois   .          Reflect  .    (helmet unavailable)
rElec   .          Harm     .    e - +0 cloak
rCorr   .          Rampage  .    (no gloves)
Will    .....                    (no boots)
Stlth   +                        (no amulet)
HPRegen 0.24/turn                (no ring)
MPRegen 0.09/turn                (no ring)

@: very slightly contaminated
A: permanent stasis, dig shafts and tunnels, antennae 3, four strong arms
a: Dig, Shaft Self


You were on level 1 of the Dungeon.
You visited 1 branch of the dungeon, and saw 2 of its levels.

You collected 32 gold pieces.

Inventory:

Hand Weapons
 a - a +1 sling (weapon)
Missiles
 g - 2 poisoned darts
Armour
 c - a +0 robe (worn)
 e - a +0 cloak (worn)
Jewellery
 n - a +6 ring of strength
Scrolls
 b - a scroll of poison
 f - a scroll of silence {unknown}
 h - a scroll of blinking {unknown}
 i - a scroll of butterflies {unknown}
 j - 2 scrolls of fog {unknown}
 k - a scroll of identify {unknown}
 m - a scroll of vulnerability {unknown}
Potions
 d - a potion of curing {unknown}
 l - a potion of resistance {unknown}


   Skills:
 + Level 1.6 Fighting
 * Level 2.5 Ranged Weapons
 - Level 1.7 Dodging
 + Level 1.4 Spellcasting
 * Level 4.1 Hexes
 * Level 1.4 Fire Magic


You couldn't memorise any spells.
You knew the following spells:

 Your Spells              Type           Power      Damage    Failure   Level
a - Slow                  Hex            48%        N/A       4%          1
b - Inner Flame           Hex/Fire       8%         N/A       24%         3

Your spell library contained the following spells:

 Spells                   Type           Power      Damage    Failure   Level
 Portal Projectile        Hex/Tloc       12%        N/A       32%         3
 Cause Fear               Hex            6%         N/A       43%         4


Dungeon Overview and Level Annotations

Branches:
Dungeon (2/15)

Altars:

Shops:
D:1 ?

Annotations:
D:2 Robin


Innate Abilities, Weirdness & Mutations

You cannot be hasted, slowed, berserked, paralysed or teleported.
You can dig through walls and to a lower floor.
You have a pair of large antennae on your head. (SInv)
Your four strong arms can wield two-handed weapons with a shield.


Message History

The goblin is moderately wounded.
The orc wizard gestures at you while chanting.
You are confused.
You are too confused!
The goblin barely misses you.
In your confused state, you trip and fall back down the stairs.
An orc comes into view. It is wielding a +0 hand axe.
Robin roars a battlecry!
The goblins go into a battle-frenzy!
The goblin barely misses you. x2
You hear a shout! x3
You hear a shout!
The goblin hits you but does no damage. x2
In your confused state, you trip and fall back down the stairs.
Robin roars a battlecry!
The goblin closely misses you. The goblin hits you with a +0 dagger.
You hear a shout!
You feel less confused. The goblin hits you with a +0 dagger.
The goblin barely misses you.
You climb upwards.
There is a stone staircase leading down here.
The goblin attacks as you move away! The goblin hits you with a +0 dagger.
You shoot a sling bullet.
The sling bullet closely misses the goblin.
The sling bullet hits the goblin.
You kill the goblin!
The goblin hits you with a +0 dagger.
Casting: Inner Flame (extremely dangerous; 24% risk of failure)
Confirm with . or Enter, or press ? or * to list all spells.
Aiming: Slow (safe; 4% risk of failure)
Press: ? - help, Shift-Dir - straight line, f/p - goblin
Aim: a goblin, wielding a +0 dagger (moderately wounded, strong, chance to affect: 63%)
You miscast Slow.
You are very lightly contaminated with residual magic.
Nothing appears to happen.
The goblin hits you with a +0 dagger.
* * * LOW HITPOINT WARNING * * *
You shoot a sling bullet.
The sling bullet closely misses the goblin.
The goblin hits you with a +0 dagger.
You die...

#######.#.# ......#.#.#
.##.###.#.# .##.# #.#.#
############## .##.# #.#.#
#............# .##.###.#.#
#............#
.##...#.#.####......).....#
..###.#.#....######.###.#.#
..#...#....#.# #@##.###.#.#
#.#.#......#.###g##.#...#.#
................>##.#.....#
###.#..####.........#######
..#....#............#.....#
#.####.#.##.........#.###.#
#.# #..#.##........)..###.#
#.###'##+##.............#.#
#.##.........##....#.##.#.#


You could see a goblin (strong).

Vanquished Creatures
  4 ball pythons (D:1)
  2 endoplasms (D:1)
  2 giant cockroaches (D:1)
  11 goblins
  5 hobgoblins (D:1)
  2 jackals (D:1)
  2 kobolds (D:1)
  A quokka (D:1)
  A bat (D:1)
  A frilled lizard (D:1)
  4 rats (D:1)
35 creatures vanquished.

Notes
Turn   | Place    | Note
-------+----------+-------------------------------------------
     0 | D:1      | Bnni the Formicid Hexslinger began the quest for the Orb.
     0 | D:1      | Reached XP level 1. HP: 15/15 MP: 2/2
   108 | D:1      | Reached XP level 2. HP: 6/21 MP: 3/3
   225 | D:1      | Found Mooss's Magic Scroll Boutique.
   389 | D:1      | Reached XP level 3. HP: 26/26 MP: 5/5
   390 | D:1      | Reached skill level 4 in Hexes
   390 | D:1      | Reached skill level 1 in Fire Magic
   400 | D:1      | Learned a level 3 spell: Inner Flame
   806 | D:2      | Noticed Robin
   816 | D:1      | Slain by a goblin

Illustrated notes

Levels and vault maps discovered:
D:1:      amcnicky_arrival_single_pillar, layout_basic, serial_shops, shop,
          minmay_vboxes
D:2:      layout_basic, basic_altar, serial_glass, glass_columns_a,
          glass_columns_a, minmay_strange_pillars, due_unseen_surprise,
          item_on_display_a, feat_on_display, serial_shops,
          nicolae_shop_advertising_works [nicolae_subvault_shop_adworks],
          uniq_robin

Skill      XL: |  1  2  3 |
---------------+----------+-----
Hexes          | 4 |  4.1
Fire Magic     | 1 |  1.4
Fighting       | |  1.6
Ranged Weapons | |  2.5
Dodging        | |  1.7
Spellcasting   | |  1.4

Action                   || total
-------------------------++-------
 Fire: Sling             ||    99
 Cast: Inner Flame       ||     1
Armor: Robe              ||     9
Dodge: Dodged            ||    34

Table legend: (Time is in decaauts)
 A = Elapsed time spent in this place.
 B = Non-inter-level travel time spent in this place.
 C = Inter-level travel time spent in this place.
 D = Time resting spent in this place.
 E = Time spent auto-exploring this place.
 F = Levels seen in this place.
 G = Mean time per level.
                   A        B        C        D        E       F      G
               +--------+--------+--------+--------+--------+-----+--------+
         Total |    844 |    829 |     15 |      0 |    613 |   2 |  422.0 |
       Dungeon |    844 |    829 |     15 |      0 |    613 |   2 |  422.0 |
               +--------+--------+--------+--------+--------+-----+--------+

Top non-repeatable levels by time:
     D:1: 824 daAuts
     D:2: 20 daAuts
